 Dungeon Crawl Stone Soup version 0.30-a0-883-g5ad918d77d (webtiles) character file.

Game seed: 14783972887912853023

4816 cheesebisquit the Frost Mage (level 10, -3/55 (57) HPs)
             Began as a Merfolk Ice Elementalist on Mar 17, 2023.
             Was a Follower of Hepliaklqana.
             Slain by a two-headed ogre
             ... wielding a +0 giant club
              (16 damage)
             ... on level 9 of the Dungeon.
             The game lasted 00:58:59 (10763 turns).

cheesebisquit the Frost Mage (MfIE)                Turns: 10763, Time: 00:59:00

HP:   -3/55 (57)    AC: 11    Str:  9    XL:     10   Next: 48%
MP:   8/20          EV: 13    Int: 18    God:    Hepliaklqana [*.....]
Gold: 195           SH:  0    Dex: 21    Spells: 10/23 levels left

rFire   . . .      SeeInvis .    a - +0 halberd
rCold   . . .      Faith    .    (shield currently unavailable)
rNeg    . . .      Spirit   .    x - +0 troll leather armour {Pargi}
rPois   .          Reflect  .    t - +0 helmet
rElec   .          Rampage  .    B - scarf {repulsion}
rCorr   .                        y - +1 pair of gloves {infuse}
Will    .....                    (no boots)
Stlth   +                        (no amulet)
HPRegen 1.09/turn                h - +4 ring of protection
MPRegen 0.17/turn                v - +6 ring of dexterity

@: confused, lightly drained, repel missiles
A: reduced essence, (nimble swimmer 2), mertail
a: Renounce Religion, Recall Ancestor, Ancestor Identity


You were on level 9 of the Dungeon.
You worshipped Hepliaklqana.
Hepliaklqana was aware of your devotion.
You visited 2 branches of the dungeon, and saw 10 of its levels.
You also visited: Sewer.

You collected 512 gold pieces.
You spent 317 gold pieces at shops.

Inventory:

Hand Weapons
 a - a +0 halberd (weapon)
 b - the +1 mace of Rokoahet {venom, Fly rN+ SInv Stlth+}
   (You bought it in a shop on level 2 of the Dungeon)

   rN:        It protects you from negative energy.
   SInv:      It lets you see invisible.
   Fly:       It grants you flight.
   Stlth:     It makes you more stealthy.
 J - a +2 morningstar
 L - a +0 trident
Missiles
 l - 14 poisoned darts (quivered)
 C - 3 boomerangs of dispersal
Armour
 n - a +0 cloak
 t - a +0 helmet (worn)
 x - a +0 troll leather armour (worn) {Pargi}
 y - a +1 pair of gloves of infusion (worn)
 B - a scarf of repulsion (worn)
 G - a +2 ring mail of poison resistance
 O - a +4 ring mail of willpower
Jewellery
 h - a +4 ring of protection (left hand)
 v - a +6 ring of dexterity (right hand)
 D - an amulet of guardian spirit
 I - a ring of protection from cold
 N - a +4 ring of protection
Wands
 s - a wand of polymorph (15)
 F - a wand of paralysis (3)
 K - a wand of light (6)
 M - a wand of roots (7)
Scrolls
 e - a scroll of silence {unknown}
 f - a scroll of enchant armour {unknown}
 g - 3 scrolls of immolation {unknown}
 m - a scroll of noise
 o - a scroll of magic mapping
 p - a scroll of poison {unknown}
 q - a scroll of teleportation {unknown}
 H - 5 scrolls of identify {unknown}
 Q - a scroll of fear {unknown}
Potions
 d - 4 potions of attraction {unknown}
 i - a potion of degeneration {unknown}
 j - 4 potions of lignification {unknown}
 k - a potion of heal wounds {unknown}
 r - 2 potions of ambrosia {unknown}
 u - a potion of resistance
 w - 2 potions of flight {unknown}
 z - 3 potions of mutation {unknown}
 A - a potion of invisibility {unknown}
 E - 4 potions of curing
 P - a potion of experience {unknown}


   Skills:
 + Level 0.3 Fighting
 + Level 0.5 Polearms
 + Level 2.8 Dodging
 - Level 2.1 Stealth
 + Level 7.0 Spellcasting
 * Level 14.8 Ice Magic


You had 10 spell levels left.
You knew the following spells:

 Your Spells              Type           Power      Damage    Failure   Level
a - Ensorcelled Hibernat  Hex/Ice        64%        N/A       1%          2
b - Freeze                Ice            100%       1d10      1%          1
c - Summon Ice Beast      Ice/Summ       32%        N/A       8%          4
x - Frozen Ramparts       Ice            100%       1d16      1%          3
z - Ozocubu's Armour      Ice            56%        N/A       1%          3

Your spell library contained the following spells:

 Spells                   Type           Power      Damage    Failure   Level
 Summon Small Mammal      Summ           24%        N/A       16%         1
 Cigotuvi's Dreadful Rot  Necr/Pois/Air  12%        N/A       22%         2
 Lesser Beckoning         Tloc           12%        N/A       22%         2
 Passwall                 Tmut/Erth      5%         N/A       22%         2
 Poisonous Vapours        Pois/Air       12%        N/A       22%         2
 Sublimation of Blood     Necr           6%         N/A       22%         2
 Wereblood                Tmut           6%         N/A       22%         2
 Call Canine Familiar     Summ           6%         N/A       41%         3
 Gell's Gravitas          Tloc           6%         N/A       41%         3
 Mephitic Cloud           Conj/Pois/Air  6%         N/A       41%         3
 Summon Guardian Golem    Hex/Summ       6%         N/A       41%         3
 Swiftness                Air            6%         N/A       41%         3
 Teleport Other           Tloc           6%         N/A       41%         3
 Summon Hydra             Summ           3%         N/A       100%        7


Dungeon Overview and Level Annotations

Branches:
Dungeon (9/15)             Temple (1/1) D:7            Lair (0/5) D:8
  Sewer (visited)
    Orc: D:9-12

Altars:
Ashenzari
Cheibriados
Dithmenos
Elyvilon
Fedhas
Gozag
Hepliaklqana
Kikubaaqudgha
Makhleb
Nemelex Xobeh
Okawaru
Qazlal
Ru
Sif Muna
Uskayaw
Vehumet
Wu Jian
Xom
Yredelemnul
Zin
The Shining One

Shops:
D:2 (

Annotations:
D:8 1 transporter
D:9 exclusion: orange crystal statue


Innate Abilities, Weirdness & Mutations

Your life essence is reduced to manifest your ancestor. (-10% HP)
((You are very nimble when in or above water. (Stealth+, EV+, Speed+++)))
Your lower body shifts to a powerful aquatic tail in water.


Message History

The orc shouts!
The two-headed ogre closely misses you. The two-headed ogre barely misses you.
A wight comes into view. It is wielding a +4 halberd.
The orc warrior attacks as you move away!
The orc warrior barely misses you.
Things that are here:
a yak skeleton; a steam dragon skeleton The wight attacks as you move away!
The wight misses you. The orc closely misses you.
A wight comes into view. It is wielding a +2 mace of protection.
The orc attacks as you move away! The orc barely misses you.
A wight comes into view.
It is wielding a +1 battleaxe of flaming.
The two-headed ogre looks more healthy.
Something unseen opens the door.
The wight moves out of view.
The wight hits you with a +2 mace of protection!
The wight attacks as you move away! The wight misses you.
The wight hits you but does no damage. The wight attacks as you move away!
The wight hits you but does no damage. The wight attacks as you move away!
The wight closely misses you. The wight attacks as you move away!
The wight hits you with a +2 mace of protection.
You feel drained.
Really walk into a travel-excluded area?
Found 2 potions of might.
The orange crystal statue fixes its piercing gaze on something.
You feel your power leaking away.
The orange crystal statue glitters topaz in the dim dungeon light.
The orange crystal statue glitters.
You are confused.
The two-headed ogre attacks as you move away!
The two-headed ogre hits you with a +0 giant club!!
* * * LOW HITPOINT WARNING * * *
The two-headed ogre closely misses you.
The orange crystal statue fixes its piercing gaze on something.
Something tries to feed on your intellect!
You bump into the rock wall.
The orange crystal statue fixes its piercing gaze on something.
You feel your power leaking away.
The two-headed ogre hits you with a +0 giant club!
You die...

,**,,,,........##*....*
,,>..,##........##...**
*,,,.*!.............,,*
**.,#.,#............***
,*#.#..*#..........**
,,#....##.#....z.#**
⌠.#.......#...##.##
,.'..,##......oO.<######
⌠,#..##......zzo@..)...#*
,,#...#.......z..#8.8#..**
,##........z....#8...8#,,*
##...#...#.##.<.8..)..8.,*
#....##.####....#.(8!.#.,*
.......÷###.....8..!..8.,#
........#....[..#8...8#..#
.....)...........#8.8#...#
........................,*


You could see an orange crystal statue, a two-headed ogre, an orc warrior, 5
wights and an orc.

Vanquished Creatures
  Pikel (D:6)
  Joseph (D:9)
  A hornet (D:8)
  5 yaks (D:9)
  A steam dragon (D:9)
  2 wargs (D:8)
  2 water moccasins
  An orc warrior (D:8)
  An ice beast (D:8)
  Pargi (Sewer)
  A black bear (D:7)
  3 centaurs
  3 ogres
  A phantom (D:4)
  3 lemures (D:6)
  2 kobold brigands (D:8)
  3 scorpions
  5 killer bees (D:8)
  5 jellies
  7 orc priests
  A sleepcap (D:3)
  A gnoll bouda (D:8)
  2 iguanas (D:5)
  Ijyb (D:5)
  3 orc wizards
  Robin (D:3)
  16 gnolls
  8 adders
  A white imp (D:7)
  4 worms
  12 orcs
  3 bats
  9 endoplasms
  A giant cockroach (D:1)
  10 goblins
  5 hobgoblins
  6 jackals (D:2)
  3 quokkas
  7 ball pythons
  6 frilled lizards
  18 kobolds
  10 rats
177 creatures vanquished.

Vanquished Creatures (collateral kills)
  A wyvern (D:9)
  A gnoll bouda (D:9)
  A kobold (D:8)
3 creatures vanquished.

Vanquished Creatures (others)
  3 ancestors (D:9)
  An orc wizard (D:8)
4 creatures vanquished.

Grand Total: 184 creatures vanquished

Notes
Turn   | Place    | Note
-------+----------+-------------------------------------------
     0 | D:1      | cheesebisquit the Merfolk Ice Elementalist began the quest
                  | for the Orb.
     0 | D:1      | Reached XP level 1. HP: 13/13 MP: 3/3
   173 | D:1      | Reached XP level 2. HP: 12/19 MP: 0/5
   427 | D:1      | Reached skill level 5 in Ice Magic
   766 | D:1      | Reached XP level 3. HP: 24/24 MP: 1/6
   844 | D:1      | Learned a level 3 spell: Frozen Ramparts
  1336 | D:2      | Found Xiwevau's Weapon Emporium.
  1580 | D:2      | Reached XP level 4. HP: 26/30 MP: 4/8
  2394 | D:3      | Found a faded altar of an unknown god.
  2455 | D:3      | Reached skill level 6 in Ice Magic
  2501 | D:3      | Learned a level 3 spell: Ozocubu's Armour
  2504 | D:3      | Learned a level 2 spell: Ensorcelled Hibernation
  2553 | D:3      | Noticed Robin
  2959 | D:2      | Found Xiwevau's Weapon Emporium.
  3222 | D:3      | Killed Robin
  3223 | D:3      | Reached XP level 5. HP: 34/35 MP: 2/9
  3961 | D:4      | Noticed a phantom
  4052 | D:4      | Found a glowing drain.
  4093 | D:4      | Killed a phantom
  4094 | D:4      | Reached XP level 6. HP: 21/41 MP: 0/11
  4098 | Sewer    | Entered a sewer
  4218 | Sewer    | Noticed Pargi
  4227 | Sewer    | Killed Pargi
  4228 | Sewer    | Reached skill level 7 in Ice Magic
  4902 | D:4      | Reached XP level 7. HP: 46/46 MP: 2/13
  5169 | D:4      | Reached skill level 8 in Ice Magic
  5465 | D:5      | Entered Level 5 of the Dungeon
  5554 | D:5      | Noticed Ijyb
  5561 | D:5      | Paralysed by Ijyb for 4 turns
  5565 | D:5      | Killed Ijyb
  6141 | D:5      | Reached skill level 5 in Spellcasting
  6141 | D:5      | Reached skill level 9 in Ice Magic
  6141 | D:5      | Reached XP level 8. HP: 51/52 MP: 7/15
  6540 | D:2      | Bought the +1 mace of Rokoahet {venom, Fly rN+ SInv Stlth+}
                  | for 317 gold pieces
  7242 | D:6      | Noticed Pikel
  7685 | D:6      | Killed Pikel
  7686 | D:6      | Reached skill level 10 in Ice Magic
  7835 | D:6      | Found a snail-covered altar of Cheibriados.
  8271 | D:7      | Found a staircase to the Ecumenical Temple.
  8280 | Temple   | Entered the Ecumenical Temple
  8454 | Temple   | Learned a level 4 spell: Summon Ice Beast
  8539 | Temple   | Became a worshipper of Hepliaklqana the Forgotten
  8584 | D:7      | Reached skill level 11 in Ice Magic
  8584 | D:7      | Reached XP level 9. HP: 55/57 MP: 9/18
  8959 | D:7      | Found a shimmering blue altar of Sif Muna.
  9230 | D:8      | Noticed a hornet
  9232 | D:8      | Found a sparkling altar of Nemelex Xobeh.
  9236 | D:8      | Killed a hornet
  9237 | D:8      | Reached skill level 12 in Ice Magic
  9274 | D:8      | Found an ornate altar of the Wu Jian Council.
  9370 | D:8      | Found a transporter.
  9370 | D:8      | Found a transporter.
  9663 | D:8      | Reached skill level 13 in Ice Magic
  9899 | D:8      | Found a staircase to the Lair.
 10031 | D:8      | Reached XP level 10. HP: 62/63 MP: 6/19
 10158 | D:8      | Reached * piety under Hepliaklqana
 10385 | D:9      | Noticed an orange crystal statue
 10393 | D:9      | Noticed Joseph
 10412 | D:9      | Reached skill level 14 in Ice Magic
 10422 | D:9      | Killed Joseph
 10734 | D:9      | Noticed a two-headed ogre
 10763 | D:9      | Slain by a two-headed ogre

Illustrated notes

Levels and vault maps discovered:
D:1:      minmay_arrival_stone_box, layout_loops_ring
D:2:      layout_basic, serial_shops, nicolae_shop_bloodbath_and_beyond
D:3:      layout_basic, ebering_ecumenical_altar_box, uniq_robin
D:4:      layout_rooms, cheibrodos_sewer_entry_drain,
          chequers_serial_rivers_large_a, st_stairs_6
D:5:      layout_basic, uniq_ijyb
D:6:      layout_cave_pools, chei_slow_surprise, uniq_pikel
D:7:      layout_rooms, nicolae_sif_muna_little_library,
          minmay_temple_entry_drinking_statues, grunt_decor_arrowhead,
          hellmonk_bongcloud_opening
D:8:      layout_basic, grunt_temple_overflow_open, erik_lair_orcish_takeover,
          nicolae_diode_stairs
D:9:      minmay_the_grid_octo_triangle [minmay_the_grid_octo_shrine,
          minmay_the_grid_octo_prize_single_spiral,
          minmay_the_grid_octo_concentric], layout_cave_pools,
          minmay_statue_bubble, uniq_joseph
Temple:   bh_familiar_temple

Skill      XL: |  1  2  3  4  5  6  7  8  9 10 |
---------------+-------------------------------+-----
Ice Magic      | 5 6 7 9 11 13 14 | 14.8
Spellcasting   | 3 4 5 6 7 |  7.0
Fighting       | |  0.3
Polearms       | |  0.5
Dodging        | |  2.8
Stealth        | |  2.1

Action                     |  1- 3 |  4- 6 |  7- 9 | 10-12 || total
---------------------------+-------+-------+-------+-------++-------
  Melee: Club              |    15 |       |       |       ||    15
         Whip              |     5 |    63 |    15 |       ||    83
         Tailslap          |       |     1 |       |       ||     1
         Morningstar       |       |       |     3 |       ||     3
         Mace              |       |       |    73 |     1 ||    74
         Punch             |       |       |     1 |       ||     1
         Halberd           |       |       |       |    25 ||    25
  Throw: Dart              |       |       |       |    19 ||    19
   Cast: Freeze            |    63 |    27 |       |       ||    90
         Frozen Ramparts   |       |    16 |    39 |    11 ||    66
         Ozocubu's Armour  |       |    16 |    34 |     7 ||    57
         Ensorcelled Hiber |       |     1 |     1 |       ||     2
         Summon Ice Beast  |       |       |     1 |       ||     1
 Invoke: Ancestor Identity |       |       |       |     1 ||     1
  Evoke: Wand              |       |       |     1 |     2 ||     3
    Use: Potion            |     1 |     1 |       |     1 ||     3
         Scroll            |       |       |     6 |     2 ||     8
   Stab: Sleeping          |       |       |     1 |       ||     1
 Armour: Robe              |     5 |    34 |       |       ||    39
         Troll leather arm |       |    13 |    64 |    25 ||   102
  Dodge: Dodged            |    41 |    62 |    78 |    51 ||   232
         Repelled          |       |       |     3 |       ||     3

Table legend: (Time is in decaauts)
 A = Elapsed time spent in this place.
 B = Non-inter-level travel time spent in this place.
 C = Inter-level travel time spent in this place.
 D = Time resting spent in this place.
 E = Time spent auto-exploring this place.
 F = Levels seen in this place.
 G = Mean time per level.
                   A        B        C        D        E       F      G
               +--------+--------+--------+--------+--------+-----+--------+
         Total |  10794 |   9818 |    976 |    958 |   7448 |  11 |  981.3 |
       Dungeon |  10189 |   9308 |    881 |    830 |   7153 |   9 | 1132.1 |
        Temple |    290 |    195 |     95 |      0 |    163 |   1 |  290.0 |
         Sewer |    314 |    314 |      0 |    128 |    132 |   1 |  314.0 |
               +--------+--------+--------+--------+--------+-----+--------+

Top non-repeatable levels by time:
     D:2: 1717 daAuts
     D:4: 1271 daAuts
     D:6: 1247 daAuts
     D:1: 1218 daAuts
     D:8: 1153 daAuts
     D:3: 1150 daAuts
     D:5: 1094 daAuts
     D:7: 942 daAuts
     D:9: 395 daAuts
   Sewer: 314 daAuts
  Temple: 290 daAuts
